 Dungeon Crawl Stone Soup version 0.23.0 (webtiles) character file.

Game seed: 1017758464275162233

133 Groucho the Insei (level 5, -1/51 HPs)
             Began as an Octopode Transmuter on Feb 13, 2019.
             Slain by an adder (2 damage)
             ... on level 3 of the Dungeon.
             The game lasted 00:08:40 (3876 turns).

Groucho the Insei (Octopode Transmuter)             Turns: 3876, Time: 00:08:41

Health: -1/51      AC: 22    Str: 14    XL:     5   Next: 16%
Magic:  9/9        EV:  2    Int: 21    God:
Gold:   70         SH:  0    Dex: 18    Spells: 6/9 levels left

rFire    . . .     SeeInvis .     - Unarmed
rCold    . . .     Gourm    .   (no shield)
rNeg     + + +     Faith    .   (helmet currently unavailable)
rPois    +         Spirit   .   (no amulet)
rElec    .         Reflect  .   (no ring)
rCorr    .         Harm     .   (no ring)
MR       .....     NoTele   +   (no ring)
Stlth    +++.......             (no ring)
HPRegen  0.17/turn              (no ring)
MPRegen  0.11/turn              (no ring)
                                (no ring)
                                (no ring)

@: mighty, brilliant, agile, lethally poisoned (-1 -> -3), tree-form
A: almost no armour, stealthy swim, (amphibious), 8 rings, (constrict 8)
a: no special abilities


You were on level 3 of the Dungeon.
You were near starving.
You were a tree.
You visited 1 branch of the dungeon, and saw 3 of its levels.

You collected 70 gold pieces.

Inventory:

Missiles
 a - 30 arrows
Jewellery
 l - an uncursed amulet of rage {unknown}
Scrolls
 b - a scroll of noise {unknown}
 e - a scroll of amnesia {unknown}
 h - 4 scrolls of identify {unknown}
 i - 2 scrolls of magic mapping {unknown}
Potions
 c - a potion of resistance {unknown}
 d - a potion of agility
 f - 2 potions of lignification
 g - a potion of brilliance
 j - a potion of might
 k - a potion of mutation {unknown}
 m - a potion of curing {unknown}
 n - a potion of invisibility {unknown}
 o - a potion of ambrosia {unknown}


   Skills:
 + Level 1.6 Fighting
 + Level 2.4 Dodging
 * Level 2.9 Stealth
 * Level 3.5 Unarmed Combat
 * Level 2.8 Spellcasting
 * Level 2.8 Transmutations


You had 6 spell levels left.
You knew the following spells:

 Your Spells              Type           Power        Failure   Level  Hunger
a - Beastly Appendage     Tmut           ####..       1%          1    None
b - Sticks to Snakes      Tmut           ####....     1%          2    ##.....

Your spell library contained the following spells:

 Spells                   Type           Power        Failure   Level  Hunger
 Spider Form              Tmut/Pois      ###.......   2%          3    ###....
 Ice Form                 Ice/Tmut       ###.....     9%          4    ####...
 Blade Hands              Tmut           ####......   13%         5    ######.


Dungeon Overview and Level Annotations

Branches:
Dungeon (3/15)

Altars:
Cheibriados
Hepliaklqana


Innate Abilities, Weirdness & Mutations

You cannot wear most types of armour.
You are very stealthy in the water. (Stealth+)
((You are amphibious.))
You can wear up to eight rings at the same time.
((You can use your tentacles to constrict eight enemies at once.))
((Your skin changes colour to match your surroundings (Stealth+).))
((Your rubbery body absorbs attacks. (AC +1, EV +1)))


Message History

It was a potion of agility.
You feel agile all of a sudden.
* * * LOW HITPOINT WARNING * * *
You feel sick. The adder completely misses you.
It was a potion of lignification.
Your tentacle spike disappears.
You turn into a tree.
Your roots penetrate the ground.
The adder barely misses you. The adder bites you.
* * * LOW HITPOINT WARNING * * *
It was a potion of might.
You feel very mighty all of a sudden. The adder bites you but does no damage.
It was a potion of brilliance.
You feel clever all of a sudden.
* * * LOW HITPOINT WARNING * * *
You feel sick. The adder bites you but does no damage.
Unknown command.
You aren't carrying any food.
You barely miss the adder. The adder bites you.
You die...

#.....$.......
##........$....
...............
#.............
#......$......
###............. #####
#.......).....######...#
####......)♣.....#..#.....#
...........S.....#..#.....##
##..........######.....#....
............#..#....#..#..>.
#..........#..#..)..#####..
#......#####.....#..#......
#........#..#....#..#......
#........#.....######......
######(.....#..#. #........


You could see an adder.

Vanquished Creatures
  A scorpion (D:3)
  4 adders (D:2)
  3 bats
  3 giant cockroaches
  8 goblins
  5 hobgoblins
  3 ball pythons
  5 frilled lizards
  10 kobolds
  5 rats
47 creatures vanquished.

Vanquished Creatures (collateral kills)
  A hobgoblin (D:2)
1 creature vanquished.

Grand Total: 48 creatures vanquished

Notes
Turn   | Place    | Note
-------+----------+-------------------------------------------
     0 | D:1      | Groucho the Octopode Transmuter began the quest for the
                  | Orb.
     0 | D:1      | Reached XP level 1. HP: 13/13 MP: 3/3
   855 | D:1      | Reached XP level 2. HP: 18/18 MP: 3/5
   862 | D:1      | Learned a level 2 spell: Sticks to Snakes
   889 | D:1      | Reached skill level 1 in Stealth
  1516 | D:2      | Reached XP level 3. HP: 21/23 MP: 4/6
  1739 | D:2      | Found a snail-covered altar of Cheibriados.
  2111 | D:2      | Found a hazy altar of Hepliaklqana.
  3083 | D:2      | Reached XP level 4. HP: 21/28 MP: 5/7
  3832 | D:3      | Reached XP level 5. HP: 14/33 MP: 7/9
  3873 | D:3      | HP: 2/51 [adder (1)]
  3876 | D:3      | Slain by an adder

Skill      XL: |  1  2  3 |
---------------+----------+-----
Stealth        | 1 2 |  2.9
Fighting       | |  1.6
Dodging        | |  2.4
Unarmed Combat | |  3.5
Spellcasting   | |  2.8
Transmutations | |  2.8

Action                   |  1- 3 |  4- 6 || total
-------------------------+-------+-------++-------
Melee: Unarmed           |    78 |    26 ||   104
       Constrict         |    20 |     6 ||    26
       Kick              |    14 |     6 ||    20
       Tentacles         |    12 |     4 ||    16
       Punch             |     1 |     1 ||     2
 Cast: Beastly Appendage |    19 |     4 ||    23
       Sticks to Snakes  |     2 |       ||     2
  Use: Potion            |       |     4 ||     4
 Stab: Sleeping          |     4 |     1 ||     5
  Eat: Ration            |     2 |       ||     2
       Chunk             |       |     1 ||     1
Armor: Skin              |     6 |     7 ||    13
Dodge: Dodged            |    47 |    17 ||    64
